 Dungeon Crawl Stone Soup version 0.30-a0-652-gcc886f7154 (webtiles) character file.

Game seed: 18087203508161614222

47600 Newt the Markskobold (level 14, -1/72 (79) HPs)
             Began as a Kobold Hunter on Jan 17, 2023.
             Was a High Priest of Hepliaklqana.
             Shot with a bolt by an orc knight (20 damage)
             ... on level 1 of the Orcish Mines.
             The game lasted 00:19:34 (19647 turns).

Newt the Markskobold (Kobold Hunter)               Turns: 19647, Time: 00:19:35

HP:   -1/72 (79)    AC: 15    Str:  8      XL:     14   Next: 82%
MP:   18/21         EV: 22    Int: 13 (14) God:    Hepliaklqana [*****.]
Gold: 1075          SH:  0    Dex: 22      Spells: 20/23 levels left

rFire   + . .      SeeInvis +    a - +3 shortbow (drain)
rCold   . . .      Faith    .    (shield currently unavailable)
rNeg    . . .      Spirit   .    J - +0 leather armour {rF+}
rPois   .          Reflect  .    j - +2 hat
rElec   .          Harm     .    H - +1 cloak
rCorr   .          Rampage  .    F - +0 pair of gloves
Will    +....                    (no boots)
Stlth   ++++                     (no amulet)
HPRegen 0.32/turn                m - +4 ring of protection
MPRegen 0.17/turn                k - ring of see invisible

@: drained
A: reduced essence, small, no large weapons, nightstalker 3, iridescent scales
1, clever 1, deterioration 1, MP-powered wands
a: Renounce Religion, Recall Ancestor, Ancestor Identity, Transference, Idealise


You were on level 1 of the Orcish Mines.
You worshipped Hepliaklqana.
Hepliaklqana was extremely pleased with you.
You visited 4 branches of the dungeon, and saw 18 of its levels.
You also visited: Sewer.

You collected 1075 gold pieces.

Inventory:

Hand Weapons
 a - a +3 shortbow of draining (weapon)
 I - a +0 morningstar
Armour
 c - a +1 leather armour
 j - a +2 hat (worn)
 w - a +3 leather armour
 y - +0 acid dragon scales
 z - a +0 cloak
 B - a +3 ring mail
 F - a +0 pair of gloves (worn)
 H - a +1 cloak (worn)
 J - a +0 leather armour of fire resistance (worn)
Jewellery
 k - a ring of see invisible (right hand)
 m - a +4 ring of protection (left hand)
 n - a ring of flight
 D - a ring of resist corrosion
 Q - a ring of wizardry
 V - a +4 ring of protection
Wands
 x - a wand of acid (7)
 G - a wand of roots (11)
 K - a wand of paralysis (11)
 O - a wand of flame (12)
 T - a wand of polymorph (2)
Scrolls
 b - 2 scrolls of immolation
 d - 2 scrolls of poison
 f - 2 scrolls of torment
 g - 4 scrolls of fog
 l - 3 scrolls of magic mapping
 s - 5 scrolls of enchant armour
 C - 6 scrolls of teleportation
 E - 3 scrolls of blinking
 P - a scroll of amnesia
 S - a scroll of brand weapon
 U - 2 scrolls of identify
Potions
 e - a potion of mutation
 h - a potion of magic
 i - 7 potions of curing
 o - 3 potions of might
 p - a potion of flight
 q - a potion of attraction
 r - 3 potions of berserk rage
 t - 6 potions of heal wounds
 u - 5 potions of degeneration
 v - a potion of haste
 A - 2 potions of invisibility
 L - 2 potions of lignification
 M - 2 potions of resistance
 N - a potion of brilliance
 R - 2 potions of cancellation


   Skills:
 - Level 10.0 Fighting
 - Level 16.0 Ranged Weapons
 - Level 8.0 Armour
 - Level 10.0 Dodging
 - Level 6.0 Stealth
 - Level 5.0 Spellcasting
 - Level 8.2 Hexes
 - Level 8.2 Summonings
 - Level 8.0 Invocations
 + Level 8.0 Evocations


You had 20 spell levels left.
You knew the following spells:

 Your Spells              Type           Power      Damage    Failure   Level
a - Summon Guardian Gole  Hex/Summ       24%        N/A       2%          3

Your spell library contained the following spells:

 Spells                   Type           Power      Damage    Failure   Level
 Summon Small Mammal      Summ           96%        N/A       1%          1
 Call Canine Familiar     Summ           24%        N/A       2%          3
 Confusing Touch          Hex            24%        N/A       2%          3
 Kiss of Death            Conj/Necr      12%        2d6       24%         1
 Cigotuvi's Dreadful Rot  Necr/Pois/Air  6%         N/A       36%         2
 Static Discharge         Conj/Air       6%         2-3/arc   36%         2
 Vhi's Electric Charge    Tloc/Air       6%         N/A       58%         3
 Dispel Undead            Necr           3%         3d7       94%         4
 Arcjolt                  Conj/Air       1%         1d11      100%        5
 Lightning Bolt           Conj/Air       1%         1d12      100%        5
 Death Channel            Necr           1%         N/A       100%        6


Dungeon Overview and Level Annotations

Branches:
Dungeon (11/15)            Temple (1/1) D:5            Lair (5/5) D:11
  Swamp (0/4) Lair:3       Spider (0/4) Lair:3        Slime (0/5) Lair:4
    Orc (1/2) D:11          Sewer (visited)

Altars:
Ashenzari
Cheibriados
Dithmenos
Elyvilon
Fedhas
Gozag
Hepliaklqana
Kikubaaqudgha
Makhleb
Nemelex Xobeh
Okawaru
Qazlal
Ru
Sif Muna
Trog
Uskayaw
Vehumet
Wu Jian
Xom
Yredelemnul
Zin
The Shining One
Jiyva

Shops:
D:4 [


Innate Abilities, Weirdness & Mutations

Your life essence is reduced to manifest your ancestor. (-10% HP)
You are small and have problems with some larger weapons.
You are completely attuned to the shadows.
You are partially covered in iridescent scales. (AC +2)
Your mind is acute. (Int +4, Str/Dex -1)
Your body sometimes deteriorates upon taking damage.
You expend magic power (3 MP) to strengthen your wands.


Message History

Fire: a) +3 shortbow (drain)
Press: ? - help, Q - select action, (/) - cycle Shift-Dir - straight line, f - orc sorcerer
Aim: an orc sorcerer, wielding a +0 dagger and wearing a +0 robe (moderately wounded, strong, ally target, 71% to hit)
You shoot an arrow. Dube avoids your attack.
The arrow closely misses the orc sorcerer.
The orc sorcerer gestures at you while chanting.
The bolt of negative energy hits Dube.
Dube completely resists.
The bolt of negative energy hits you!!
You feel drained.
* * * LOW HITPOINT WARNING * * *
Dube completely misses the orc sorcerer.
The orc sorcerer gestures at you while chanting.
The bolt of fire hits Dube.
Dube resists.
The bolt of fire misses you.
Dube hits the orc sorcerer with a +0 flail!
The orc knight shoots a bolt.
The bolt misses you.
You see here a warg corpse.
Dube hits the orc sorcerer with a +0 flail!
Something hits Dube!
Casting: Summon Guardian Golem (mildly dangerous; 2% risk of failure)
Confirm with . or Enter, or press ? or * to list all spells.
A guardian golem appears, shielding your allies.
The orc sorcerer gestures at you while chanting.
You suddenly lose the ability to move!
Dube hits the orc sorcerer with a +0 flail.
The orc sorcerer mumbles some strange words.
Dube misses the orc sorcerer.
You can move again.
Unknown command.
Fire: a) +3 shortbow (drain)
Press: ? - help, Q - select action, (/) - cycle Shift-Dir - straight line, f/p - orc sorcerer
Aim: an orc sorcerer, wielding a +0 dagger and wearing a +0 robe (almost dead, strong, ally target, 71% to hit)
You shoot an arrow. The arrow hits the orc sorcerer!
You kill the orc sorcerer!
Dube hits the orc knight with a +0 flail!
The orc knight unwields a +0 dire flail.
The orc knight wields a +0 arbalest.
The orc knight shoots a bolt.
The bolt hits you!!
You die...

...##... ....... .)..
#..... .. ####..#
###..9## ...
#.#...###...)..## #...
.##...........#@..##R.o.
............)###..)..)..
.........).)..#.#.oR...#
#....#....#...###......#
##.###...###...##...#...
## ......##...#####....
......####...# ..
#.#..)####..##
..))#......#


You could see the friendly Dube the knight (sheltered), an orc knight (ally
target) and a friendly guardian golem (summoned).

Vanquished Creatures
  Gastronok (Lair:3)
  Nessos (Lair:3)
  A catoblepas (Lair:5)
  A hydra (Lair:4)
  2 boulder beetles
  A deep troll shaman (Lair:5)
  A two-headed ogre (D:10)
  9 death yaks
  The ghost of crux the Insei, a novice OpTm of Cheibriados (D:8)
  An orc sorcerer (Orc:1)
  2 ugly things
  2 elephants (Lair:5)
  4 black mambas
  5 cane toads
  A gargoyle (D:11)
  3 torpor snails (Lair:2)
  3 komodo dragons
  An unseen horror (D:11)
  4 trolls
  4 polar bears
  Prince Ribbit (D:6)
  8 blink frogs
  6 dream sheep (Lair:5)
  2 wyverns
  2 basilisks (Lair:2)
  A wraith (D:9)
  Grum (Lair:1)
  24 yaks
  A redback (Lair:3)
  A warg (Orc:1)
  An acid dragon (D:8)
  10 water moccasins
  Pargi (Sewer)
  A sky beast (D:8)
  9 wolves
  2 centaurs
  4 orc warriors
  4 ogres
  A phantom (D:6)
  9 bullfrogs
  Blork the orc (D:4)
  3 necrophages (Lair:4)
  A scorpion (D:5)
  11 wights
  2 killer bees (D:10)
  4 howler monkeys
  6 jellies
  4 orc priests
  5 hounds
  A gnoll bouda (D:3)
  Terence (D:2)
  7 iguanas
  Natasha (twice) (D:3)
  6 orc wizards
  3 hell rats (Lair:3)
  10 gnolls
  14 adders
  A white imp (D:6)
  2 ufetubi
  A worm (D:2)
  2 dart slugs
  29 orcs
  5 bats
  3 endoplasms (D:1)
  3 giant cockroaches
  7 hobgoblins
  3 jackals (D:2)
  8 ball pythons
  A frilled lizard (D:3)
  3 goblins
  11 kobolds
  6 rats
303 creatures vanquished.

Vanquished Creatures (collateral kills)
  3 hydras
  2 death yaks (Lair:3)
  A two-headed ogre (D:11)
  6 elephants
  Joseph (D:10)
  A black mamba (Lair:3)
  2 torpor snails
  A cane toad (Lair:4)
  4 komodo dragons
  4 blink frogs
  5 dream sheep (Lair:5)
  A slime creature (Lair:4)
  A shadow (D:9)
  10 yaks
  A wyvern (D:8)
  A basilisk (Lair:2)
  An acid dragon (D:11)
  2 water moccasins (Lair:5)
  A swamp drake (Lair:3)
  2 orc warriors
  A centaur (D:10)
  8 wolves
  A bullfrog (Lair:3)
  A gnoll sergeant (D:9)
  3 kobold brigands (D:9)
  3 necrophages (Lair:4)
  A killer bee (D:10)
  2 electric eels (D:11)
  An orc priest (D:8)
  2 hounds (D:11)
  3 orc wizards
  2 hell rats (Lair:3)
  A gnoll (D:9)
  An adder (D:6)
  3 orcs
  2 kobolds (D:9)
85 creatures vanquished.

Vanquished Creatures (others)
  2 elephants (Lair:4)
  6 knights
  An ancestor (D:7)
  22 fungi
  22 plants
53 creatures vanquished.

Grand Total: 441 creatures vanquished

Notes
Turn   | Place    | Note
-------+----------+-------------------------------------------
     0 | D:1      | Newt the Kobold Hunter began the quest for the Orb.
     0 | D:1      | Reached XP level 1. HP: 12/12 MP: 1/1
   250 | D:1      | Reached XP level 2. HP: 17/17 MP: 2/2
   574 | D:2      | Reached XP level 3. HP: 18/22 MP: 3/3
   682 | D:2      | Noticed Terence
   690 | D:2      | Killed Terence
   691 | D:2      | Reached XP level 4. HP: 20/29 MP: 4/4
  1057 | D:2      | Reached skill level 6 in Ranged Weapons
  1327 | D:2      | Reached XP level 5. HP: 33/33 MP: 5/5
  1796 | D:3      | Reached skill level 7 in Ranged Weapons
  1822 | D:3      | Reached XP level 6. HP: 16/38 MP: 6/6
  2189 | D:3      | Noticed Natasha
  2195 | D:3      | Killed Natasha
  2251 | D:3      | Reached skill level 8 in Ranged Weapons
  2377 | D:3      | Noticed Natasha
  2387 | D:3      | Killed Natasha
  2388 | D:3      | Reached skill level 1 in Armour
  2481 | D:3      | Found a shimmering blue altar of Sif Muna.
  2603 | D:4      | Noticed Blork the orc
  2612 | D:4      | Killed Blork the orc
  3060 | D:4      | Found Qotroqos's Antique Armour Emporium.
  3090 | D:4      | Reached XP level 7. HP: 43/43 MP: 7/7
  3331 | D:5      | Entered Level 5 of the Dungeon
  4249 | D:5      | Found a staircase to the Ecumenical Temple.
  4300 | Temple   | Entered the Ecumenical Temple
  4520 | Temple   | Became a worshipper of Hepliaklqana the Forgotten
  5125 | D:6      | Reached XP level 8. HP: 48/48 MP: 8/8
  5142 | D:6      | Found a glowing drain.
  5153 | D:6      | Reached skill level 5 in Dodging
  5161 | Sewer    | Entered a sewer
  5196 | Sewer    | Noticed Pargi
  5220 | Sewer    | Killed Pargi
  5331 | D:6      | Reached skill level 12 in Ranged Weapons
  5331 | D:6      | Reached skill level 10 in Dodging
  5331 | D:6      | Reached XP level 9. HP: 61/61 MP: 9/9
  5345 | D:6      | Noticed Prince Ribbit
  5360 | D:6      | Killed Prince Ribbit
  5509 | D:6      | Reached skill level 10 in Fighting
  5920 | D:6      | Reached * piety under Hepliaklqana
  6483 | D:7      | Reached skill level 13 in Ranged Weapons
  6491 | D:7      | Reached XP level 10. HP: 59/61 MP: 10/10
  7409 | D:8      | Reached ** piety under Hepliaklqana
  7410 | D:8      | Remembered your ancestor Dube as a knight
  7439 | D:8      | Reached skill level 14 in Ranged Weapons
  7905 | D:8      | Found a transporter.
  7905 | D:8      | Noticed crux's ghost (novice OpTm)
  7907 | D:8      | Noticed a cyan ugly thing
  7909 | D:8      | Found a transporter.
  8372 | D:9      | Noticed a red ugly thing
  8383 | D:9      | Killed a red ugly thing
  8384 | D:9      | Reached skill level 5 in Evocations
  8384 | D:9      | Reached skill level 1 in Invocations
  8603 | D:9      | Reached XP level 11. HP: 64/64 MP: 13/13
  9008 | D:9      | Reached *** piety under Hepliaklqana
  9422 | D:9      | Found a sacrificial altar of Ru.
  9426 | D:9      | Found a shadowy altar of Dithmenos.
  9428 | D:9      | Found a snail-covered altar of Cheibriados.
  9429 | D:9      | Found a sparkling altar of Nemelex Xobeh.
  9434 | D:9      | Found a white marble altar of Elyvilon.
  9495 | D:10     | Entered Level 10 of the Dungeon
  9581 | D:10     | Reached skill level 5 in Invocations
  9769 | D:10     | Noticed a two-headed ogre
  9773 | D:10     | Killed a two-headed ogre
  9774 | D:10     | Reached skill level 5 in Armour
  9973 | D:10     | Noticed Joseph
 10013 | D:10     | Killed Joseph
 10994 | D:11     | Reached **** piety under Hepliaklqana
 11020 | D:11     | Reached skill level 15 in Ranged Weapons
 11128 | D:11     | Noticed a two-headed ogre
 11133 | D:11     | Killed a two-headed ogre
 11234 | D:11     | Found a staircase to the Lair.
 11690 | D:11     | Reached XP level 12. HP: 65/69 MP: 15/15
 11719 | D:11     | Reached skill level 16 in Ranged Weapons
 11940 | D:11     | Found a staircase to the Orcish Mines.
 12291 | D:8      | Reached skill level 5 in Stealth
 12307 | D:8      | Killed crux's ghost
 12524 | Lair:1   | Entered Level 1 of the Lair of Beasts
 12527 | Lair:1   | Gained mutation: Your body sometimes deteriorates upon
                  | taking damage. [potion of mutation]
 12527 | Lair:1   | Gained mutation: You expend magic power (3 MP) to
                  | strengthen your wands. [potion of mutation]
 12527 | Lair:1   | Gained mutation: Your mind is acute. (Int +4, Str/Dex -1)
                  | [potion of mutation]
 12527 | Lair:1   | Gained mutation: You are partially covered in iridescent
                  | scales. (AC +2) [potion of mutation]
 12788 | Lair:1   | Noticed Grum
 12801 | Lair:1   | Killed Grum
 13187 | Lair:1   | Reached ***** piety under Hepliaklqana
 13886 | Lair:2   | Found a snail-covered altar of Cheibriados.
 13967 | Lair:2   | Reached XP level 13. HP: 73/73 MP: 19/19
 14546 | Lair:3   | Noticed Nessos
 14558 | Lair:3   | Killed Nessos
 14656 | Lair:3   | Found a hole to the Spider Nest.
 14767 | Lair:3   | Noticed a seven-headed hydra
 14771 | Lair:3   | Killed a seven-headed hydra
 14927 | Lair:3   | Reached skill level 1 in Spellcasting
 15104 | Lair:3   | Noticed Gastronok
 15143 | Lair:3   | Killed Gastronok
 15553 | Lair:3   | Found a staircase to the Swamp.
 15901 | Lair:3   | Reached skill level 5 in Spellcasting
 16135 | Lair:3   | Reached skill level 1 in Hexes
 16135 | Lair:3   | Reached skill level 1 in Summonings
 16197 | Lair:3   | Learned a level 3 spell: Summon Guardian Golem
 16383 | Lair:4   | Noticed a seven-headed hydra
 16389 | Lair:4   | Killed a seven-headed hydra
 16390 | Lair:4   | Reached XP level 14. HP: 79/79 MP: 21/21
 16677 | Lair:4   | Found a viscous altar of Jiyva.
 16677 | Lair:4   | Found a staircase to the Slime Pits.
 17000 | Lair:4   | Reached skill level 5 in Hexes
 17000 | Lair:4   | Reached skill level 5 in Summonings
 17553 | Lair:5   | Entered Level 5 of the Lair of Beasts
 18933 | Lair:5   | Identified the +1 robe of Itaecer {-Tele rN+++ Regen+ SInv}
 19549 | Orc:1    | Entered Level 1 of the Orcish Mines
 19644 | Orc:1    | Paralysed by an orc sorcerer for 3 turns
 19647 | Orc:1    | Shot with a bolt by an orc knight

Illustrated notes

Levels and vault maps discovered:
D:1:      minmay_arrival_solitary_statue, layout_rooms,
          minmay_shallow_snake_nest
D:2:      layout_loops_cross, uniq_terence
D:3:      layout_basic, mainiacjoe_overflow_catwalk, uniq_natasha
D:4:      layout_basic, serial_shops, nicolae_shop_crystal, uniq_blork_the_orc
D:5:      layout_basic, minmay_temple_entry_waves, kennysheep_generic_room_2
D:6:      layout_loops_ring, gup_sewer_entry_glass, uniq_prince_ribbit1
D:7:      layout_basic
D:8:      layout_basic, gammafunk_ghost_arena
D:9:      layout_irregular_city, chequers_temple_overflow_minitemple,
          hangedman_decor_opposing, nicolae_nh_ransacked_shop
D:10:     layout_loops_corners, uniq_joseph
D:11:     layout_stronghold, erik_lair_island
Temple:   eino_temple_rhombus
Lair:1:   layout_regular_city, chequers_serial_rivers_marsh, uniq_grum
Lair:2:   layout_gridlike, eino_small_chamber_without_monster,
          chequers_serial_rivers_micro_d, kennysheep_snail_temple,
          grunt_megastairs_3, infiniplex_staircase_pool_2
Lair:3:   wander_river, layout_cave_pods, minmay_swamp_entry_reptiles,
          spider_nest_entry_rubble, lemuel_fruit_tree, uniq_gastronok,
          uniq_nessos
Lair:4:   layout_regular_city, minmay_slime_entry_pillars, wad_woods_road_03,
          roderic_carrion_pond
Lair:5:   grunt_lair_end_beastmaster, layout_loops_ring
Orc:1:    layout_diamond_mine, basic_altar

Skill      XL: |  1  2  3  4  5  6  7  8  9 10 11 12 13 14 |
---------------+-------------------------------------------+-----
Stealth        | 2 3 6 |  6.0
Fighting       | 4 9 10 | 10.0
Ranged Weapons | 6 7 8 12 13 14 15 16 | 16.0
Armour         | 2 4 6 8 |  8.0
Dodging        | 4 10 | 10.0
Evocations     | 5 8 |  8.0
Invocations    | 3 5 8 |  8.0
Spellcasting   | 5 |  5.0
Hexes          | 4 8 |  8.2
Summonings     | 4 8 |  8.2

Action                   |  1- 3 |  4- 6 |  7- 9 | 10-12 | 13-15 || total
-------------------------+-------+-------+-------+-------+-------++-------
 Fire: Shortbow          |    49 |   124 |   246 |   617 |   612 ||  1648
 Cast: Summon Guardian G |       |       |       |       |     9 ||     9
Invok: Ancestor Life: Kn |       |       |       |     1 |       ||     1
       Idealise          |       |       |       |       |     1 ||     1
  Use: Scroll            |     3 |     3 |     6 |    11 |     5 ||    28
       Potion            |       |       |     2 |     4 |     1 ||     7
Armor: Leather armour    |     5 |    16 |    57 |    36 |    72 ||   186
Dodge: Dodged            |    23 |    53 |   186 |   200 |   246 ||   708

Table legend: (Time is in decaauts)
 A = Elapsed time spent in this place.
 B = Non-inter-level travel time spent in this place.
 C = Inter-level travel time spent in this place.
 D = Time resting spent in this place.
 E = Time spent auto-exploring this place.
 F = Levels seen in this place.
 G = Mean time per level.
                   A        B        C        D        E       F      G
               +--------+--------+--------+--------+--------+-----+--------+
         Total |  19484 |  18582 |    902 |   2281 |  14011 |  19 | 1025.5 |
       Dungeon |  12132 |  11451 |    681 |   1309 |   8843 |  11 | 1102.9 |
        Temple |    230 |    196 |     34 |      0 |    179 |   1 |  230.0 |
          Lair |   6860 |   6675 |    185 |    972 |   4815 |   5 | 1372.0 |
  Orcish Mines |     90 |     90 |      0 |      0 |     55 |   1 |   90.0 |
         Sewer |    170 |    170 |      0 |      0 |    119 |   1 |  170.0 |
               +--------+--------+--------+--------+--------+-----+--------+

Top non-repeatable levels by time:
  Lair:5: 1845 daAuts
  Lair:3: 1718 daAuts
    D:10: 1433 daAuts
     D:8: 1402 daAuts
    D:11: 1399 daAuts
  Lair:4: 1360 daAuts
     D:5: 1230 daAuts
     D:2: 1171 daAuts
     D:9: 1145 daAuts
     D:4: 1115 daAuts
     D:6: 1066 daAuts
  Lair:2: 1060 daAuts
     D:3: 953 daAuts
  Lair:1: 876 daAuts
     D:7: 741 daAuts
